 Dungeon Crawl Stone Soup version 0.18-a0-1120-g03bd624 (webtiles) character file.

41 namelastname112 the Skirmisher (level 3, -3/18 HPs)
             Began as a Felid Wanderer on Jan 17, 2016.
             Slain by a gnoll
             ... wielding a +0 spear
              (4 damage)
             ... on level 2 of the Dungeon.
             The game lasted 00:02:43 (1724 turns).

namelastname112 the Skirmisher (Felid Wanderer)     Turns: 1724, Time: 00:02:43

Health: -3/18      AC:  1    Str:  6    XL:     3   Next: 32%
Magic:  5/5        EV: 20    Int: 12    God:
Gold:   92         SH:  0    Dex: 17    Spells: 0 memorised, 2 levels left
                                        Lives:  0   Deaths: 0

rFire  . . .     SeeInvis +       - Unarmed
rCold  . . .     Gourm    .     (armour unavailable)
rNeg   . . .     Faith    .     (shield unavailable)
rPois  .         Spirit   .     (helmet unavailable)
rElec  .         Dismiss  .     (cloak unavailable)
rCorr  .         Reflect  .     (gloves unavailable)
SustAt .         Harm     .     (boots unavailable)
MR     .....                    (no amulet)
Stlth  +++.......               r - -2 ring of strength (curse)
                                u - +2 ring of evasion

@: quick, not resistant to hostile enchantments, fairly stealthy
A: no armour, no weapons or thrown items, claws 1, fangs 3, see invisible,
carnivore 3, speed 1, shaggy fur 1, slow metabolism 1, sharp paws
a: no special abilities


You were on level 2 of the Dungeon.
You were not hungry.

You visited 1 branch of the dungeon, and saw 2 of its levels.

You collected 92 gold pieces.

Inventory:

Jewellery
 m - an uncursed ring of positive energy
 r - a cursed -2 ring of strength (right paw)
 u - a +2 ring of evasion (left paw)
Scrolls
 a - 3 scrolls of blinking
 c - 3 scrolls of teleportation
 e - a scroll of remove curse {unknown}
 h - 2 scrolls of noise {unknown}
 i - a scroll of recharging {unknown}
 j - 4 scrolls of identify {unknown}
 k - a scroll of random uselessness {unknown}
 n - a scroll of magic mapping {unknown}
 t - a scroll of immolation {unknown}
Potions
 b - a potion of heal wounds
 d - a potion of lignification
 g - a potion of magic {unknown}
 l - a potion of agility {unknown}
 o - a potion of cancellation {unknown}
 p - a potion of haste {unknown}
 q - a potion of resistance {unknown}
 s - a potion of poison {unknown}
 v - a potion of mutation {unknown}
Comestibles
 f - 3 meat rations


   Skills:
 + Level 4.2 Fighting
 + Level 3.1 Dodging
 + Level 1.9 Stealth
 * Level 2.8 Unarmed Combat
   Level 2.1 Evocations


You had 2 spell levels left.
You didn't know any spells.

Dungeon Overview and Level Annotations

Branches:
Dungeon (2/15)

Altars:


Innate Abilities, Weirdness & Mutations

You cannot wear armour.
You are incapable of wielding weapons or throwing items.
You have sharp claws.
You have razor-sharp teeth.
You have supernaturally acute eyesight.
You are carnivorous and can eat meat at any time.
You cover ground quickly.
You are covered in fur (AC +1).
You have a slow metabolism.
Your sharp claws are effective at attacking unaware monsters.


Message History

There is a stone staircase leading down here.
You start resting.
HP restored.
You climb downwards.
There is a stone staircase leading up here.
The gnoll barely misses you. The gnoll hits you but does no damage.
You completely miss the gnoll. The gnoll hits you with a spear!
You closely miss the gnoll. The gnoll closely misses you.
You scratch the gnoll but do no damage. The gnoll closely misses you.
You scratch the gnoll but do no damage. Your bite misses the gnoll.
The gnoll closely misses you.
You scratch the gnoll but do no damage. You closely miss the gnoll.
The gnoll closely misses you.
You barely miss the gnoll. The gnoll hits you with a spear!
Ouch! That really hurt!
* * * LOW HITPOINT WARNING * * *
The gnoll closely misses you.
The gnoll hits you from afar with a spear.
You die...

.....................g.[รท...g.[..
=#...#.#...###).....#####........
.#...#.....# #......### #....####
.....#.....###......#.# #....####
....................#.######.....
.....#.#...###.######............
.....#.#....##g# #.#######.###
.........#..##g######.#######....
#.#####.........@................
#.# #####.##.####<..........###
#.# #.##.# #.#.#######.# #.#
#######.##(. #.#.# #.# #.#
#.......#### #.#.# #####.###
#.###.#####.# ..#.# #........
............### ..#.# #........
#.#.#......... ..#....# #........
..........#.## #.##.# #........


You could see a gnoll.

Vanquished Creatures
  An adder (D:2)
  An ooze (D:1)
  2 giant cockroaches
  7 goblins
  3 hobgoblins (D:1)
  2 jackals (D:2)
  A kobold (D:1)
  2 bats (D:2)
  3 giant newts
  5 rats
27 creatures vanquished.

Notes
Turn   | Place    | Note
--------------------------------------------------------------
     0 | D:1      | namelastname112 the Felid Wanderer began the quest for the Orb.
     0 | D:1      | namelastname112 set off with: a scroll of blinking, a potion of heal wounds, a scroll of teleportation, a potion of lignification, a meat ration
     0 | D:1      | Reached XP level 1. HP: 11/11 MP: 3/3
   426 | D:1      | Reached XP level 2. HP: 15/15 MP: 4/4
   829 | D:1      | Reached skill level 1 in Stealth
  1177 | D:2      | Reached XP level 3. HP: 18/18 MP: 5/5
  1724 | D:2      | Slain by a gnoll

Vault maps used:
D:1:      lemuel_arrival_rhombus, serial_glass, glass_columns_a, glass_columns_b
D:2:      first_bread, nrook_mini_vaults

Action                   || total
-------------------------++-------
Melee: Unarmed           ||    74
 Stab: Sleeping          ||     6
  Eat: Chunk             ||     3
